 Dungeon Crawl Stone Soup version 0.26-a0-812-g31a745ddcd (webtiles) character file.

Game seed: 16556962096360927746

68497 Kuinu the Severer (level 14, -4/144 HPs)
             Began as a Minotaur Berserker on Nov 18, 2020.
             Was a High Priest of Trog.
             Shot with an arrow by Nessos (5 damage)
             ... while paralysed
             ... on level 2 of the Orcish Mines.
             The game lasted 00:43:41 (17911 turns).

Kuinu the Severer (Minotaur Berserker)             Turns: 17911, Time: 00:43:42

Health: -4/144     AC: 19    Str: 27    XL:     14   Next: 86%
Magic:  13/13      EV:  2    Int:  1    God:    Trog [*****.]
Gold:   1197       SH:  0    Dex: 12    Spells: 13/13 levels left

rFire    + . .     SeeInvis .   w - +6 battleaxe of the Depths {vorpal, rC+ Int-3 Dex+2}
rCold    + . .     Faith    .   (shield currently unavailable)
rNeg     + . .     Spirit   .   N - +0 plate armour
rPois    .         Reflect  .   (helmet restricted)
rElec    .         Harm     .   F - +2 cloak
rCorr    .         Rampage  .   Y - +0 pair of gloves
MR       ++++.                  J - +0 pair of boots "Waiv Adi" {rN+}
Stlth    ..........             S - amulet of regeneration
HPRegen  1.74/turn              B - ring of protection from fire
MPRegen  0.13/turn              b - ring of protection from magic

@: paralysed, lethally poisoned (-4 -> -26), corroded, berserk cooldown,
regenerating, slowed
A: retaliatory headbutt, horns 2
a: Berserk, Trog's Hand, Brothers in Arms, Renounce Religion


You were on level 2 of the Orcish Mines.
You worshipped Trog.
Trog was extremely pleased with you.
You visited 2 branches of the dungeon, and saw 17 of its levels.
You also visited: Gauntlet.

You collected 1855 gold pieces.
You spent 658 gold pieces at shops.

Inventory:

Hand Weapons
 a - a +0 antimagic executioner's axe
 c - the +4 battleaxe of Exhibitionism {vorpal, rPois Str+2}
   (Trog gifted it to you on level 12 of the Dungeon)

   It inflicts extra damage upon your enemies.
   It affects your strength (+2).
   It protects you from poison.
 w - the +6 battleaxe of the Depths (weapon) {vorpal, rC+ Int-3 Dex+2}
   (Trog gifted it to you on level 15 of the Dungeon)

   It inflicts extra damage upon your enemies.
   It affects your intelligence (-3).
   It affects your dexterity (+2).
   It protects you from cold.
 C - the +9 trident "Utun" {chaos, rF++ Dex+2}
   (You found it on level 9 of the Dungeon)

   Each time it hits an enemy it has a different, random effect.
   It affects your dexterity (+2).
   It greatly protects you from fire.
 E - a +3 hand axe of electrocution
 K - a +3 broad axe of flaming
 Q - a +0 spear of flaming
 V - the cursed +1 whip "Zoekoe Hisi" {vorpal, *Drain rN+ MR+ Int+2, unknown}
   (You found it in a Gauntlet)

   It inflicts extra damage upon your enemies.
   It affects your intelligence (+2).
   It protects you from negative energy.
   It affects your resistance to hostile enchantments.
   It causes draining when unequipped.
   It has a curse placed upon it.
 X - a +3 battleaxe of freezing
Armour
 u - a +2 scale mail of poison resistance
 D - a +2 ring mail of fire resistance
 F - a +2 cloak (worn)
 J - the +0 pair of boots "Waiv Adi" (worn) {rN+}
   (You found it in a Gauntlet)

   It protects you from negative energy.
 N - a +0 plate armour (worn)
 U - +0 ice dragon scales
 Y - a +0 pair of gloves (worn)
Jewellery
 b - a ring of protection from magic (right hand)
 f - a +6 ring of strength
 x - an uncursed ring of positive energy
 B - a ring of protection from fire (left hand)
 S - an amulet of regeneration (around neck)
 Z - an uncursed ring of poison resistance
Wands
 k - a wand of digging (7)
 r - a wand of enslavement (4)
 s - a wand of flame (48)
 G - a wand of paralysis (28)
 I - a wand of iceblast (23)
 M - a wand of disintegration (11)
 O - a wand of random effects (21)
Scrolls
 i - 2 scrolls of immolation
 l - 7 scrolls of remove curse
 m - 5 scrolls of magic mapping
 q - 2 scrolls of fog
 t - 9 scrolls of identify
 A - 2 scrolls of teleportation
 R - a scroll of vulnerability
 T - 2 scrolls of enchant armour
 W - 2 scrolls of enchant weapon
Potions
 d - 2 potions of invisibility
 e - 4 potions of haste
 g - 2 potions of mutation
 h - a potion of cancellation
 j - 2 potions of lignification {unknown}
 n - 3 potions of might
 o - 2 potions of brilliance {unknown}
 p - 5 potions of curing
 v - 4 potions of resistance
 y - a potion of ambrosia {unknown}
 z - 4 potions of degeneration {unknown}
 H - a potion of berserk rage {unknown}
 L - 5 potions of flight
 P - a potion of magic {unknown}


   Skills:
 * Level 18.9 Fighting
 * Level 18.9 Axes
 + Level 14.0 Armour
 - Level 2.1 Dodging


You had 13 spell levels left.
You didn't know any spells.
Your spell library was empty.

Dungeon Overview and Level Annotations

Branches:
Dungeon (15/15)            Temple (0/1) D:5            Lair (0/6) D:11
    Orc (2/2) D:12         Vaults (0/5) D:13         Depths (0/5) D:15
Gauntlet (visited)
    Elf: Orc:2

Altars:
Ashenzari
Cheibriados
Dithmenos
Elyvilon
Fedhas
Gozag
Hepliaklqana
Makhleb
Nemelex Xobeh
Ru
Sif Muna
Trog
Uskayaw
Yredelemnul

Shops:
D:5 (   D:8 =   D:10 :*(!!   D:11 }?(:

Annotations:
D:7 3 runed translucent doors, Bliebski's ghost, novice OpTm
D:8 2 transporters
D:14 exclusion: ice statue
Orc:2 Nessos


Innate Abilities, Weirdness & Mutations

You reflexively headbutt those who attack you in melee.
You have a pair of horns on your head.


Message History

You are too berserk!
You feel a strong urge to attack something.
You feel sick.
Nessos shoots an arrow.
The arrow barely misses you.
You feel sick.
Nessos blinks!
You feel your anger nearly subside.
You feel very sick.
You are no longer berserk.
You pass out from exhaustion.
You feel yourself slow down.
You feel sick.
Nessos blinks!
Nessos unwields a +1 longbow of flaming.
It stops flaming.
Nessos hits you.
* * * LOW HITPOINT WARNING * * *
You feel sick. Nessos hits you but does no damage.
Nessos blinks!
You feel very sick.
Nessos wields a +1 longbow of flaming.
It bursts into flame!
Nessos shoots an arrow.
The arrow hits you!!
* * * LOW HITPOINT WARNING * * *
The arrow burns you.
You are more poisoned.
You die...

.##.## .....### ....##.##
....#...# .......##
........#
.......#################
..........(..c.........##
............(..)@.......#
.##...###...##§(##..##...
....≈≈# #≈≈.....)....#
.^.≈≈≈# #≈≈≈..........#
.≈≈≈≈# ##≈≈≈≈...........
≈≈≈### ###≈≈≈≈......#..#
≈≈#### ##≈≈≈≈.....# .#
...... ............. #
..... ...............


You could see Nessos (fast).

Vanquished Creatures
  Roxanne (D:15)
  A very ugly thing (D:9)
  An entropy weaver (D:12)
  A minotaur (Gauntlet)
  A fire dragon (D:15)
  A hydra (D:9)
  Josephine (D:12)
  An ice dragon (D:15)
  A vault guard (D:13)
  A boulder beetle (D:15)
  7 centaur warriors
  A ghost crab (Gauntlet)
  Harold (Orc:1)
  An orc high priest (Orc:2)
  5 two-headed ogres
  A death knight (D:10)
  A queen ant (D:12)
  4 death yaks (Gauntlet)
  Sonja (D:13)
  2 unseen horrors
  A flayed ghost (D:9)
  A deep troll (D:13)
  A wizard (D:15)
  A necromancer (Gauntlet)
  5 orc knights (Orc:2)
  11 ugly things
  A manticore (D:15)
  An orc sorcerer (Orc:1)
  4 cyclopes
  Joseph (D:7)
  4 centaur zombies
  3 gargoyles
  3 efreet (D:15)
  3 kobold demonologists
  A centaur skeleton (D:15)
  A freezing wraith (D:14)
  7 trolls
  A wind drake (shapeshifter) (D:14)
  4 polar bears (D:14)
  8 slime creatures
  Prince Ribbit (D:7)
  A shadow (D:15)
  Grum (D:8)
  6 wyverns
  A vampire (D:12)
  31 yaks
  5 wraiths
  A basilisk (D:11)
  A warg (Orc:2)
  2 vampire mosquitoes (D:12)
  19 soldier ants
  2 acid dragons
  Duvessa (D:7)
  26 orc warriors
  2 sky beasts
  A black bear (D:8)
  11 ice beasts
  4 necrophages
  26 centaurs
  2 eyes of draining
  9 ogres
  4 wolves (D:7)
  5 big kobolds
  8 bullfrogs
  A wyvern zombie (D:12)
  2 gnoll sergeants
  A water moccasin zombie (D:6)
  Dowan (D:7)
  A wyvern skeleton (D:9)
  5 scorpions
  14 killer bees
  33 wights
  2 howler monkeys (D:14)
  A crimson imp (D:2)
  2 bullfrog zombies
  4 quasits
  9 hounds
  19 orc priests
  7 jellies
  20 orc wizards
  A bullfrog skeleton (D:9)
  6 iguanas
  28 worker ants
  A hound zombie (D:6)
  A hound skeleton (D:5)
  12 gnolls
  2 worker ant zombies
  10 adders
  2 shadow imps
  6 white imps
  3 ufetubi
  2 adder zombies (D:6)
  An ooze (D:1)
  2 adder skeletons
  3 worms
  3 dart slugs
  7 leopard geckos
  96 orcs
  4 giant cockroaches
  2 goblins
  6 hobgoblins
  5 jackals
  17 kobolds
  5 quokkas
  2 ball pythons
  6 bats
  5 frilled lizards
  A jackal skeleton (D:8)
  A jackal zombie (D:5)
  A leopard gecko skeleton (D:8)
  A quokka skeleton (D:5)
  10 rats
640 creatures vanquished.

Vanquished Creatures (collateral kills)
  An entropy weaver (D:12)
  An orc high priest (Orc:2)
  An ugly thing (D:12)
  A slime creature (D:12)
  A troll (D:12)
  3 yaks (D:10)
  9 orc warriors
  An ogre (D:12)
  2 big kobolds (D:12)
  3 gnoll sergeants (D:12)
  An orc priest (Orc:2)
  3 orc wizards (Orc:2)
  2 gnolls (D:12)
  8 orcs
37 creatures vanquished.

Vanquished Creatures (others)
  A bush (D:6)
  20 fungi
  25 plants
46 creatures vanquished.

Grand Total: 723 creatures vanquished

Notes
Turn   | Place    | Note
-------+----------+-------------------------------------------
     0 | D:1      | Kuinu the Minotaur Berserker began the quest for the Orb.
     0 | D:1      | Reached XP level 1. HP: 19/19 MP: 0/0
   226 | D:1      | Reached XP level 2. HP: 22/27 MP: 1/1
   594 | D:2      | Reached XP level 3. HP: 24/34 MP: 2/2
   595 | D:2      | Reached XP level 4. HP: 22/41 MP: 3/3
   597 | D:2      | Reached skill level 5 in Fighting
   597 | D:2      | Reached skill level 5 in Axes
   844 | D:2      | Reached ** piety under Trog
   892 | D:2      | Found a hazy altar of Hepliaklqana.
   896 | D:2      | Found a shadowy altar of Dithmenos.
   896 | D:2      | Noticed a shadow
  1055 | D:2      | Found a broken altar of Ashenzari.
  1212 | D:2      | Found a burning altar of Makhleb.
  1233 | D:2      | Reached XP level 5. HP: 36/48 MP: 4/4
  1459 | D:2      | Found an opulent altar of Gozag.
  1460 | D:2      | Found a sparkling altar of Nemelex Xobeh.
  1698 | D:3      | Found a snail-covered altar of Cheibriados.
  1744 | D:3      | Found a faded altar of an unknown god.
  1806 | D:3      | Found a basalt altar of Yredelemnul.
  2435 | D:4      | Reached *** piety under Trog
  2435 | D:4      | Reached XP level 6. HP: 45/57 MP: 5/5
  2843 | D:5      | Entered Level 5 of the Dungeon
  2993 | D:5      | Found Lazarcho's Weapon Emporium.
  3253 | D:5      | Reached XP level 7. HP: 30/64 MP: 6/6
  3474 | D:5      | Found a staircase to the Ecumenical Temple.
  3955 | D:6      | Reached **** piety under Trog
  3955 | D:6      | Reached skill level 5 in Armour
  4248 | D:6      | Found a hide-covered altar of Uskayaw.
  4583 | D:6      | Reached XP level 8. HP: 74/74 MP: 7/7
  4757 | D:6      | Found a blossoming altar of Fedhas.
  4942 | D:7      | Noticed Prince Ribbit
  4947 | D:7      | Killed Prince Ribbit
  5178 | D:7      | Noticed Duvessa
  5178 | D:7      | Noticed Dowan
  5181 | D:7      | Killed Duvessa
  5187 | D:7      | Killed Dowan
  5306 | D:7      | Reached XP level 9. HP: 83/83 MP: 8/8
  5308 | D:7      | Noticed Joseph
  5329 | D:7      | Killed Joseph
  5329 | D:7      | Reached skill level 10 in Fighting
  5329 | D:7      | Reached skill level 10 in Axes
  5570 | D:7      | Found a runed translucent gate.
  5571 | D:7      | Found a runed translucent gate.
  5571 | D:7      | Noticed Bliebski's ghost (novice OpTm)
  5572 | D:7      | Found a runed translucent gate.
  5636 | D:7      | Found a sacrificial altar of Ru.
  5684 | D:7      | Reached ***** piety under Trog
  6188 | D:8      | Noticed Grum
  6509 | D:8      | Killed Grum
  6511 | D:8      | Reached XP level 10. HP: 93/95 MP: 9/9
  6512 | D:8      | Found Soygh's Jewellery Shoppe.
  6635 | D:8      | Noticed a gargoyle
  6815 | D:8      | Killed a gargoyle
  6878 | D:8      | Found a transporter.
  7150 | D:8      | Found a bloodstained altar of Trog.
  7151 | D:8      | Noticed a great orb of eyes
  7162 | D:8      | Found a transporter.
  7669 | D:9      | Got a brightly glowing trident
  8116 | D:9      | Noticed a two-headed ogre
  8120 | D:9      | Killed a two-headed ogre
  8204 | D:9      | Noticed a two-headed ogre
  8211 | D:9      | Killed a two-headed ogre
  8366 | D:9      | Found a runed translucent door.
  8369 | D:9      | Noticed a five-headed hydra
  8373 | D:9      | Identified the +9 trident "Utun" {chaos, rF++ Dex+2} (You
                  | found it on level 9 of the Dungeon)
  8377 | D:9      | Killed a five-headed hydra
  8377 | D:9      | Reached XP level 11. HP: 105/105 MP: 10/10
  8381 | D:9      | Noticed a centaur warrior
  8388 | D:9      | Killed a centaur warrior
  8401 | D:9      | Noticed a flayed ghost
  8401 | D:9      | Noticed a purple very ugly thing
  8409 | D:9      | Killed a purple very ugly thing
  8413 | D:9      | Killed a flayed ghost
  8722 | D:9      | Found a blossoming altar of Fedhas.
  8809 | D:10     | Entered Level 10 of the Dungeon
  8830 | D:10     | Reached skill level 10 in Armour
  9286 | D:10     | Found Epneoz's Antique Weapon Boutique.
  9537 | D:10     | Found Edomnara's Book Boutique.
  9580 | D:10     | Found Qaubre's Distillery.
  9588 | D:10     | Bought a potion of heal wounds for 60 gold pieces
  9588 | D:10     | Bought a potion of curing for 36 gold pieces
  9588 | D:10     | Bought a potion of flight for 36 gold pieces
  9588 | D:10     | Bought a potion of heal wounds for 60 gold pieces
  9588 | D:10     | Bought a potion of might for 48 gold pieces
  9588 | D:10     | Bought a potion of flight for 36 gold pieces
  9588 | D:10     | Bought a potion of heal wounds for 60 gold pieces
  9588 | D:10     | Bought a potion of flight for 36 gold pieces
  9616 | D:10     | Found Muom's Distillery.
  9629 | D:10     | Bought a potion of curing for 33 gold pieces
  9629 | D:10     | Bought a potion of haste for 110 gold pieces
  9629 | D:10     | Bought a potion of curing for 33 gold pieces
  9629 | D:10     | Bought a potion of resistance for 110 gold pieces
  9744 | D:10     | Found Samain's Assorted Antiques.
  9820 | D:10     | Noticed a death knight
  9828 | D:10     | Reached ****** piety under Trog
  9831 | D:10     | Killed a death knight
 10259 | D:11     | Found Sufal's Weapon Emporium.
 10405 | D:11     | Found Dadahuc's Magic Scroll Emporium.
 10556 | D:11     | Reached XP level 12. HP: 96/117 MP: 11/11
 10652 | D:11     | Found Siuneara's Gadget Shoppe.
 10914 | D:11     | Found Wioc's Book Shop.
 11080 | D:11     | Found a staircase to the Lair.
 11418 | D:12     | Reached skill level 15 in Fighting
 11418 | D:12     | Reached skill level 15 in Axes
 11455 | D:12     | Found a staircase to the Orcish Mines.
 11464 | D:12     | Received a gift from Trog
 11465 | D:12     | Got a brightly glowing battleaxe {god gift}
 11466 | D:12     | Identified the +4 battleaxe of Exhibitionism {vorpal, rPois
                  | Str+2} (Trog gifted it to you on level 12 of the Dungeon)
 11495 | D:12     | Noticed a two-headed ogre
 11502 | D:12     | Killed a two-headed ogre
 11988 | D:12     | Found a shimmering blue altar of Sif Muna.
 12020 | D:12     | Noticed Josephine
 12034 | D:12     | Killed Josephine
 12552 | D:12     | Noticed a two-headed ogre
 12554 | D:12     | Killed a two-headed ogre
 12793 | D:12     | Noticed a queen ant
 12800 | D:12     | Killed a queen ant
 12800 | D:12     | Reached XP level 13. HP: 127/127 MP: 12/12
 12805 | D:12     | Noticed an entropy weaver
 12827 | D:12     | Killed an entropy weaver
 12834 | D:12     | Noticed an entropy weaver
 12835 | D:12     | Received a gift from Trog
 12906 | D:12     | Killed an entropy weaver
 13241 | D:13     | Found a gate leading to a gauntlet.
 13241 | D:13     | Found a white marble altar of Elyvilon.
 13244 | Gauntlet | Entered a Gauntlet
 13244 | Gauntlet | Found a transporter.
 13247 | Gauntlet | Found a transporter.
 13248 | Gauntlet | Noticed a green death
 13254 | Gauntlet | Found a transporter.
 13254 | Gauntlet | Found a transporter.
 13255 | Gauntlet | Found a transporter.
 13255 | Gauntlet | Noticed a death ooze
 13256 | Gauntlet | Found a transporter.
 13263 | Gauntlet | Found a transporter.
 13264 | Gauntlet | Found a transporter.
 13280 | Gauntlet | Found a large runed translucent door.
 13280 | Gauntlet | Found a large runed translucent door.
 13281 | Gauntlet | Found a large runed translucent door.
 13282 | Gauntlet | Found a large runed translucent door.
 13283 | Gauntlet | Found a runed translucent gate.
 13284 | Gauntlet | Found a transporter.
 13284 | Gauntlet | Found a runed translucent gate.
 13285 | Gauntlet | Found a runed translucent gate.
 13285 | Gauntlet | Found a large runed translucent door.
 13286 | Gauntlet | Found a large runed translucent door.
 13286 | Gauntlet | Found a large runed translucent door.
 13287 | Gauntlet | Found a large runed translucent door.
 13288 | Gauntlet | Found a large runed translucent door.
 13297 | Gauntlet | Found a large runed translucent door.
 13297 | Gauntlet | Found a large runed translucent door.
 13297 | Gauntlet | Found a runed translucent door.
 13297 | Gauntlet | Found a runed translucent door.
 13298 | Gauntlet | Found a large runed translucent door.
 13299 | Gauntlet | Found a large runed translucent door.
 13301 | Gauntlet | Found a transporter.
 13305 | Gauntlet | Found a transporter.
 13307 | Gauntlet | Found a runed translucent gate.
 13307 | Gauntlet | Found a runed translucent gate.
 13313 | Gauntlet | Found a transporter.
 13325 | Gauntlet | Found a runed translucent gate.
 13340 | Gauntlet | Found a large runed translucent door.
 13341 | Gauntlet | Found a large runed translucent door.
 13342 | Gauntlet | Found a large runed translucent door.
 13640 | Gauntlet | Got a pair of spiked boots
 13655 | Gauntlet | Identified the +0 pair of boots "Waiv Adi" {rN+} (You found
                  | it in a Gauntlet)
 13711 | Gauntlet | Identified the cursed +1 trident of Cocytus {protect, rC+}
 13711 | Gauntlet | Noticed a minotaur
 13721 | Gauntlet | Killed a minotaur
 13730 | Gauntlet | Got a slimy whip
 13739 | D:13     | Noticed Sonja
 13747 | D:13     | Killed Sonja
 14505 | D:13     | Found a gate to the Vaults.
 14837 | D:14     | Received a gift from Trog
 15060 | D:14     | Reached XP level 14. HP: 132/141 MP: 13/13
 15311 | D:15     | Entered Level 15 of the Dungeon
 15679 | D:15     | Identified Roxanne's Almanac of Transformation
 15679 | D:15     | Noticed Roxanne
 15745 | D:15     | Received a gift from Trog
 15758 | D:15     | Got a polished battleaxe {god gift}
 15759 | D:15     | Identified the +6 battleaxe of the Depths {vorpal, rC+
                  | Int-3 Dex+2} (Trog gifted it to you on level 15 of the
                  | Dungeon)
 16150 | D:15     | Found a broken altar of Ashenzari.
 16400 | D:15     | Found a staircase to the Depths.
 16618 | D:15     | Killed Roxanne
 16767 | Orc:1    | Entered Level 1 of the Orcish Mines
 16833 | Orc:1    | Noticed Harold
 16842 | Orc:1    | Killed Harold
 17216 | Orc:2    | Entered Level 2 of the Orcish Mines
 17279 | Orc:2    | Received a gift from Trog
 17891 | Orc:2    | Noticed Nessos
 17911 | Orc:2    | HP: 1/144 [Nessos/arrow (27)]
 17911 | Orc:2    | Shot with an arrow by Nessos

Illustrated notes

Levels and vault maps discovered:
D:1:      saegor_arrival_simple_e, layout_basic
D:2:      cheibrodos_pilgrimage, layout_loops_cross,
          grunt_temple_overflow_opulence, riverfiend_overflow_shadow_ancestor,
          makhleb_grotto_becter, ashenzari_altar_1
D:3:      layout_rooms, overflow_temple_1_default,
          nicolae_overflow_crystal_walls, chequers_ecumenical_altar_simple_redux
D:4:      layout_gridville
D:5:      layout_loops_ring, minmay_temple_entry_wispy, serial_shops, shop
D:6:      layout_cave_pools, eat_drink_and_be_merry_uskayaw,
          fedhas_altar_decomposition
D:7:      layout_basic, nicolae_ru_path_of_blood, gammafunk_ghost_nasty_kobolds,
          minmay_fractal_squares_5, uniq_joseph, uniq_prince_ribbit1,
          uniq_duvessa
D:8:      layout_basic, gammafunk_temple_overflow_arena, serial_shops, shop,
          uniq_grum
D:9:      layout_roguey, lemuel_round_altar, minivault_13
D:10:     layout_irregular_city, serial_glass, glass_columns_a, glass_columns_a,
          glass_columns_a, glass_columns_a, serial_shops, shop, shop_statue,
          shop_statue, shop, shop, kb_rosetta
D:11:     layout_loops_ring, grunt_lair_entry_orc_guard_hut, serial_shops,
          nicolae_shop_competitors_out_of_business, nicolae_shop_statue_plus,
          shop, nicolae_shop_behind_doors
D:12:     layout_loops_ring, kennysheep_orc_monster_closet_entryway,
          basic_altar, small_statue_intersection, zaba_antful_of_joy,
          uniq_josephine
D:13:     layout_stronghold, david_vaults_4, gauntlet_entry_generic,
          basic_altar, uniq_sonja
D:14:     layout_cave_pools, minmay_staircase_bubble, ice2_lemuel
D:15:     grunt_enter_depths_hoard, layout_layer_cave, old_standard_altar,
          uniq_roxanne
Orc:1:    layout_caves, uniq_harold
Orc:2:    st_orc_rangers, layout_caves, basic_altar, serial_shops, shop,
          uniq_nessos

Skill      XL: |  1  2  3  4  5  6  7  8  9 10 11 12 13 14 |
---------------+-------------------------------------------+-----
Fighting       | 4 5 6 8 9 11 12 14 16 17 18 | 18.9
Axes           | 4 5 6 8 9 11 12 14 16 17 18 | 18.9
Armour         | 3 4 5 6 8 9 10 11 13 14 | 14.0
Dodging        | |  2.1

Action                   |  1- 3 |  4- 6 |  7- 9 | 10-12 | 13-15 || total
-------------------------+-------+-------+-------+-------+-------++-------
Melee: Hand axe          |    32 |   141 |   290 |   400 |       ||   863
       Headbutt          |     2 |    26 |    72 |   125 |   124 ||   349
       Trident           |       |       |       |    21 |       ||    21
       Battleaxe         |       |       |       |    92 |   459 ||   551
Invok: Berserk           |     1 |     2 |     7 |    12 |    13 ||    35
       Trog's Hand       |       |       |     1 |     5 |    11 ||    17
       Brothers in Arms  |       |       |       |     3 |     3 ||     6
Evoke: Wand              |       |       |       |       |    12 ||    12
  Use: Scroll            |       |       |    14 |     4 |     4 ||    22
       Potion            |       |       |       |       |     6 ||     6
 Stab: Distracted        |       |       |       |     1 |       ||     1
       Paralysed         |       |       |       |     1 |       ||     1
Armor: Leather armour    |     5 |    25 |       |       |       ||    30
       Ring mail         |       |     4 |    12 |       |       ||    16
       Chain mail        |       |       |   116 |   134 |       ||   250
       Plate armour      |       |       |       |    92 |   367 ||   459
       Ice dragon scales |       |       |       |       |     1 ||     1
Dodge: Dodged            |    15 |    67 |   127 |   197 |   216 ||   622

Table legend: (Time is in decaauts)
 A = Elapsed time spent in this place.
 B = Non-inter-level travel time spent in this place.
 C = Inter-level travel time spent in this place.
 D = Time resting spent in this place.
 E = Time spent auto-exploring this place.
 F = Levels seen in this place.
 G = Mean time per level.
                   A        B        C        D        E       F      G
               +--------+--------+--------+--------+--------+-----+--------+
         Total |  17944 |  17428 |    516 |     23 |  14041 |  18 |  996.9 |
       Dungeon |  16303 |  15808 |    495 |     23 |  13058 |  15 | 1086.9 |
  Orcish Mines |   1147 |   1126 |     21 |      0 |    775 |   2 |  573.5 |
      Gauntlet |    493 |    493 |      0 |      0 |    207 |   1 |  493.0 |
               +--------+--------+--------+--------+--------+-----+--------+

Top non-repeatable levels by time:
    D:12: 1947 daAuts
     D:7: 1756 daAuts
    D:10: 1403 daAuts
     D:9: 1312 daAuts
    D:15: 1221 daAuts
     D:5: 1097 daAuts
    D:11: 1069 daAuts
     D:6: 1025 daAuts
     D:2: 1002 daAuts
    D:13: 949 daAuts
    D:14: 858 daAuts
     D:8: 806 daAuts
     D:4: 783 daAuts
   Orc:1: 611 daAuts
     D:1: 576 daAuts
